 Dungeon Crawl Stone Soup version 0.21.1-1-g345015fe64 (webtiles) character file.

42583 Faustar the Cardsharp (level 14, -6/162 HPs)
             Began as a Human Artificer on June 8, 2018.
             Was a High Priest of Nemelex Xobeh.
             Mangled by a tentacled starspawn (14 damage)
             ... on level 1 of the Abyss.
             The game lasted 01:25:43 (18738 turns).

Faustar the Cardsharp (Human Artificer)            Turns: 18738, Time: 01:25:44

Health: -6/162     AC: 20    Str: 23    XL:     14   Next: 56%
Magic:  24/24      EV: 14    Int: 14    God:    Nemelex Xobeh [*****.]
Gold:   998        SH:  6    Dex: 17    Spells: 13/13 levels left

rFire    . . .     SeeInvis .   u - +9 long sword "Rielikux" {drain, rPois}
rCold    . . .     Gourm    .   p - +0 buckler
rNeg     + + +     Faith    .   H - +6 ring mail "Zugikoss" {+Inv rPois rN+++ Dex-2}
rPois    +         Spirit   .   N - +2 hat {Int+3}
rElec    .         Reflect  .   z - +1 cloak
rCorr    +         Harm     .   Q - +0 pair of gloves
MR       +....                  s - +0 pair of boots
Stlth    ..........             i - amulet of rage
HPRegen  0.37/turn              K - +6 ring of slaying
MPRegen  0.19/turn              r - ring of resist corrosion

@: agile, berserking, constricted, very quick
A: no striking features
a: Triple Draw, Deal Four, Stack Five, Renounce Religion, Evoke Berserk Rage,
Evoke Invisibility


You were on level 1 of the Abyss.
You worshipped Nemelex Xobeh.
Nemelex Xobeh was extremely pleased with you.
You were not hungry.

You visited 4 branches of the dungeon, and saw 20 of its levels.
You visited the Abyss 1 time.
You also visited: Labyrinth.

You collected 998 gold pieces.

Inventory:

Hand Weapons
 u - the +9 long sword "Rielikux" (weapon) {drain, rPois}
   (You found it on level 4 of the Dungeon)

   A truly terrible weapon, it drains the life of those it strikes.
   It protects you from poison.
Armour
 p - a +0 buckler (worn)
 s - a +0 pair of boots (worn)
 z - a +1 cloak (worn)
 H - the +6 ring mail "Zugikoss" (worn) {+Inv rPois rN+++ Dex-2}
   (You found it on level 6 of the Dungeon)

   It affects your dexterity (-2).
   It protects you from poison.
   It renders you almost immune to negative energy.
   It lets you turn invisible.
 N - a +2 hat of intelligence (worn)
 Q - a +0 pair of gloves (worn)
Jewellery
 b - an uncursed ring of ice
 i - an amulet of rage (around neck)
 r - a ring of resist corrosion (right hand)
 K - a +6 ring of slaying (left hand)
Wands
 d - a wand of enslavement (8)
 e - a wand of random effects (11)
 v - a wand of disintegration (11)
 A - a wand of paralysis (13)
 D - a wand of flame (60)
 I - a wand of acid (5)
 L - a wand of polymorph (13)
 M - a wand of clouds (3)
Scrolls
 g - 3 scrolls of fog
 h - a scroll of identify
 k - 6 scrolls of teleportation
 l - 5 scrolls of fear
 o - 5 scrolls of remove curse
 x - a scroll of magic mapping
 y - 4 scrolls of enchant weapon
 G - a scroll of enchant armour
 P - 2 scrolls of blinking
 R - a scroll of silence
Potions
 a - a potion of berserk rage
 c - 3 potions of flight
 n - a potion of curing
 t - 2 potions of haste
 w - 3 potions of magic
 B - a potion of invisibility
 X - 2 potions of cancellation
 Y - a potion of brilliance
Miscellaneous
 q - a legendary deck of escape {the Tomb, left: 5}
 C - a legendary deck of escape {Velocity, left: 3}
 E - an ornate deck of escape {Velocity, left: 3}
 U - an ornate deck of destruction {drawn: 8}
 V - a legendary deck of escape {the Tomb, left: 4}
 Z - an ornate deck of destruction
Comestibles
 f - 42 rations
 F - 4 chunks of flesh


   Skills:
 - Level 9.0 Fighting
   Level 1.0(8.0) Short Blades
 + Level 12.2 Long Blades
 - Level 10.0 Armour
 - Level 2.0 Dodging
 - Level 1.0 Stealth
 - Level 8.0 Shields
 + Level 14.4 Invocations
 - Level 5.0 Evocations


You had 13 spell levels left.
You didn't know any spells.

Dungeon Overview and Level Annotations

Branches:
Dungeon (12/15)            Temple (1/1) D:4            Lair (6/6) D:8
  Swamp (1/4) Lair:4       Spider (0/4) Lair:3
  Slime: Lair:5-6       Orc: D:9-12

Altars:
Ashenzari
Cheibriados
Dithmenos
Elyvilon
Fedhas
Gozag
Hepliaklqana
Kikubaaqudgha
Makhleb
Nemelex Xobeh
Okawaru
Qazlal
Ru
Sif Muna
Trog
Uskayaw
Vehumet
Wu Jian
Xom
Yredelemnul
Zin
The Shining One
Lugonu

Annotations:
D:8 exclusion: oklob plant
Lair:3 1 exclusion
Lair:6 Josephine


Message History

A red film seems to cover your vision as you go berserk!
You feel yourself moving faster!
You feel mighty!
You block the tentacled starspawn's attack.
The tentacled starspawn engulfs you!
* * * LOW HITPOINT WARNING * * *
The starspawn tentacle constricts you. The flying skull barely misses you.
Unknown command.
Unknown command.
Unknown command.
You hit the tentacled starspawn.
The starspawn tentacle loses its grip on you.
The tentacled starspawn is moderately damaged.
The hell hog is engulfed in poison gas.
The hell hog is poisoned.
You block the flying skull's attack. The starspawn tentacle grabs you.
* * * LOW HITPOINT WARNING * * *
The starspawn tentacle constricts you.
You block the tentacled starspawn's attack.
The tentacled starspawn engulfs you!
You die...
Your body glows with a rainbow of weird colours and disappears.

# #..##3
. . ...
# h.
##§# #
### §h#
#..##wh#
..#.Xw#
.. #z@#z
# #.###z
# #.# ..
## # .


You could see a tentacled starspawn, 3 hell hogs, a neqoxec (wandering), 2
starspawn tentacles and a flying skull.

Vanquished Creatures
  Gastronok (D:8)
  A minotaur (Lab)
  A green death (Abyss:1)
  Fannar (Lair:3)
  Erolcha (D:10)
  2 hydras
  Erica (D:8)
  2 two-headed ogres
  2 death yaks (Lair:4)
  A thrashing horror (Abyss:1)
  A shadow wraith (Abyss:1)
  An unseen horror (D:10)
  A harpy (Lair:5)
  A phantasmal warrior (D:11)
  Pikel (D:4)
  An oklob plant (Lair:3)
  An orb spider (Lair:4)
  A worldbinder (Abyss:1)
  A cyclops (D:11)
  A black mamba (Lair:5)
  An elephant (Lair:4)
  Joseph (D:7)
  A smoke demon (Abyss:1)
  2 gargoyles (D:11)
  5 spiny frogs
  A rime drake (Lair:5)
  4 komodo dragons
  A troll (Lair:3)
  5 polar bears
  2 hornets
  16 blink frogs
  A tyrant leech (Lair:4)
  Grinder (D:6)
  6 dream sheep (Lair:5)
  2 hippogriffs
  A flying skull (Abyss:1)
  A large abomination (Abyss:1)
  Sigmund (D:6)
  A vampire (D:11)
  5 yaks
  A spriggan (Lair:5)
  9 wyverns
  A steam dragon (Lair:5)
  2 vampire mosquitoes (Swamp:1)
  A swamp worm (Lair:4)
  An acid dragon (D:11)
  3 soldier ants
  3 water moccasins
  5 porcupines
  3 ice beasts
  An orc warrior (D:9)
  A slave (D:4)
  2 black bears
  A necrophage (D:9)
  A phantom (D:11)
  4 sky beasts
  5 wolves
  The ghost of Finalfun the Ducker, an amateur DsGl of Cheibriados (D:3)
  4 ogres
  10 centaurs
  4 crocodiles
  Blork the orc (D:6)
  A big kobold (D:5)
  8 bullfrogs
  3 scorpions
  12 wights
  15 killer bees
  2 howler monkeys
  2 electric eels (Lair:3)
  2 bullfrog zombies
  A centaur zombie (D:10)
  2 crimson imps
  A quasit (Abyss:1)
  4 hounds
  2 jellies
  2 centaur skeletons
  2 orc priests
  3 orc wizards (D:6)
  3 small abominations (Abyss:1)
  A bullfrog skeleton (D:6)
  3 iguanas
  Ijyb (D:5)
  13 worker ants
  A hound skeleton (D:8)
  A worker ant zombie (D:5)
  11 adders
  3 gnolls (D:6)
  4 shadow imps
  2 oozes
  2 adder zombies
  2 adder skeletons
  A worm (D:2)
  A dart slug (D:1)
  6 leopard geckos
  12 orcs
  3 giant cockroaches
  4 hobgoblins (D:2)
  10 jackals
  A quokka (D:7)
  2 ball pythons
  14 bats
  A frilled lizard (D:2)
  7 goblins
  A goblin skeleton (D:6)
  A goblin zombie (D:6)
  A hobgoblin zombie (D:6)
  9 kobolds
  A kobold zombie (D:6)
  2 leopard gecko skeletons
  An orc skeleton (D:6)
  2 orc zombies (D:6)
  2 rats
  A fungus (D:4)
  2 plants
339 creatures vanquished.

Vanquished Creatures (collateral kills)
  An emperor scorpion (Lair:4)
  An alligator (Swamp:1)
  A two-headed ogre (D:11)
  A death yak (Lair:4)
  A shambling mangrove (Lair:3)
  A cyclops (D:11)
  2 elephants (Lair:4)
  A black mamba (Lair:1)
  A spiny frog (Lair:3)
  A queen bee (D:9)
  2 polar bears (Lair:4)
  2 hornets (Lair:3)
  A blink frog (Lair:3)
  A yak (Lair:2)
  A vampire mosquito (Swamp:1)
  A soldier ant (D:11)
  2 water moccasins
  An ice beast (D:10)
  A sky beast (D:11)
  3 slaves (D:4)
  A phantom (D:11)
  A tengu (D:10)
  2 bullfrogs
  6 killer bees
  4 wights
  Crazy Yiuf (D:4)
  A bullfrog skeleton (D:11)
  2 centaur skeletons
  An orc wizard (D:10)
  2 worker ants
  An adder (D:11)
  3 orcs
  6 jackals (D:3)
  A quokka (D:10)
  A frilled lizard (D:4)
59 creatures vanquished.

Vanquished Creatures (others)
  A ghost crab (Swamp:1)
  A two-headed ogre (D:9)
  A spiny frog (Swamp:1)
  13 killer bees (D:9)
  3 wights (D:10)
  A ball lightning (Abyss:1)
  6 fungi
  8 plants
  A starspawn tentacle (Abyss:1)
  15 toadstools (D:8)
50 creatures vanquished.

Grand Total: 448 creatures vanquished

Notes
Turn   | Place    | Note
-------+----------+-------------------------------------------
     0 | D:1      | Faustar the Human Artificer began the quest for the Orb.
     0 | D:1      | Reached XP level 1. HP: 15/15 MP: 3/3
   206 | D:1      | Reached XP level 2. HP: 15/22 MP: 4/4
  1082 | D:2      | Reached XP level 3. HP: 21/28 MP: 5/5
  1117 | D:2      | Found a radiant altar of Vehumet.
  1578 | D:2      | Reached XP level 4. HP: 34/35 MP: 6/6
  2368 | D:3      | Found a bloodstained altar of Trog.
  2465 | D:3      | Found a shadowy altar of Dithmenos.
  2476 | D:3      | Found a sparkling altar of Nemelex Xobeh.
  2574 | D:3      | Became a worshipper of Nemelex Xobeh the Trickster
  2603 | D:3      | Noticed Finalfun's ghost (amateur DsGl)
  2646 | D:3      | Killed Finalfun's ghost
  2646 | D:3      | Reached skill level 1 in Shields
  2646 | D:3      | Reached XP level 5. HP: 26/43 MP: 7/7
  2784 | D:3      | Received a gift from Nemelex Xobeh
  3163 | D:4      | Reached skill level 1 in Invocations
  3218 | D:4      | Reached XP level 6. HP: 17/49 MP: 8/8
  3220 | D:4      | Got an iridescent long sword
  3228 | D:4      | Got a dull robe
  3244 | D:3      | Identified the +9 long sword "Rielikux" {drain, rPois} (You found it on level 4 of the Dungeon)
  3257 | D:3      | Identified the +0 robe of Veeronko {rCorr Str+3 SInv} (You found it on level 4 of the Dungeon)
  3478 | D:4      | Found a staircase to the Ecumenical Temple.
  3492 | D:4      | Reached skill level 2 in Invocations
  3495 | D:4      | Noticed a slave
  3496 | D:4      | Noticed a slave
  3516 | D:4      | Killed a slave
  3582 | D:4      | Noticed a slave
  3582 | D:4      | Noticed Pikel
  3582 | D:4      | Noticed a slave
  3587 | D:4      | Killed a slave
  3591 | D:4      | Killed a slave
  3593 | D:4      | Killed a slave
  3596 | D:4      | Killed Pikel
  3596 | D:4      | Reached skill level 3 in Invocations
  3596 | D:4      | Reached XP level 7. HP: 49/55 MP: 9/9
  3713 | D:4      | Found a sacrificial altar of Ru.
  3910 | D:4      | Found a deep blue altar of Sif Muna.
  4008 | D:4      | Reached skill level 4 in Invocations
  4098 | D:4      | Reached XP level 8. HP: 61/61 MP: 11/11
  4230 | D:5      | Entered Level 5 of the Dungeon
  4263 | D:4      | Found a runed door.
  4268 | D:4      | Noticed Crazy Yiuf
  4271 | D:4      | Killed Crazy Yiuf
  4312 | D:5      | Noticed Ijyb
  4319 | D:5      | Killed Ijyb
  4381 | Temple   | Entered the Ecumenical Temple
  4517 | D:5      | Found a burning altar of Makhleb.
  4708 | D:5      | Reached * piety under Nemelex Xobeh
  4854 | D:5      | Reached skill level 5 in Invocations
  5119 | D:5      | Found an iron altar of Okawaru.
  5420 | D:5      | Found a shimmering altar of Xom.
  5424 | D:5      | Found a shimmering altar of Xom.
  5723 | D:6      | Noticed a wyvern
  5731 | D:6      | Reached skill level 5 in Long Blades
  5752 | D:6      | Reached skill level 6 in Invocations
  5995 | D:6      | Noticed Sigmund
  6008 | D:6      | Killed Sigmund
  6008 | D:6      | Reached XP level 9. HP: 66/66 MP: 13/13
  6032 | D:6      | Found a glowing golden altar of the Shining One.
  6212 | D:6      | Reached skill level 5 in Evocations
  6310 | D:6      | Reached skill level 1 in Armour
  6326 | D:6      | Noticed Blork the orc
  6332 | D:6      | Killed Blork the orc
  6404 | D:6      | Found a shadowy altar of Dithmenos.
  6439 | D:6      | Found a shattered altar of Ashenzari.
  6442 | D:6      | Noticed Grinder
  6731 | D:6      | Reached skill level 5 in Fighting
  6915 | D:6      | Killed Grinder
  6933 | D:6      | Got a polished ring mail
  6961 | D:5      | Identified the +6 ring mail "Zugikoss" {+Inv rPois rN+++ Dex-2} (You found it on level 6 of the Dungeon)
  7195 | D:7      | Reached ** piety under Nemelex Xobeh
  7240 | D:7      | Found a bloodstained altar of Trog.
  7374 | D:7      | Noticed a hornet
  7380 | D:7      | Killed a hornet
  7380 | D:7      | Reached XP level 10. HP: 51/76 MP: 14/14
  7603 | D:7      | Noticed Joseph
  7624 | D:7      | Killed Joseph
  7759 | D:7      | Found a hazy altar of Hepliaklqana.
  8109 | D:8      | Reached skill level 5 in Armour
  8113 | D:8      | Found a staircase to the Lair.
  8113 | D:8      | Received a gift from Nemelex Xobeh
  8197 | D:8      | Found a stormy altar of Qazlal.
  8275 | D:8      | Found an opulent altar of Gozag.
  8383 | D:8      | Found a blossoming altar of Fedhas.
  8399 | D:8      | Noticed an oklob plant
  8448 | D:8      | Noticed Gastronok
  8465 | D:8      | Killed Gastronok
  8465 | D:8      | Reached skill level 7 in Invocations
  8465 | D:8      | Reached XP level 11. HP: 84/84 MP: 16/16
  8466 | D:8      | Found an ornate altar of the Wu Jian Council.
  8625 | D:8      | Noticed Erica
  8629 | D:8      | Killed Erica
  8629 | D:8      | Reached skill level 8 in Invocations
  9097 | Lair:1   | Entered Level 1 of the Lair of Beasts
  9221 | D:9      | Noticed a two-headed ogre
  9238 | D:9      | Killed a two-headed ogre
  9238 | D:9      | Reached skill level 9 in Invocations
  9377 | D:9      | Reached *** piety under Nemelex Xobeh
  9377 | D:9      | Received a gift from Nemelex Xobeh
  9449 | D:9      | Found an opulent altar of Gozag.
  9627 | D:9      | Found a glowing silver altar of Zin.
  9666 | D:9      | Noticed a two-headed ogre
  9668 | D:9      | Killed a two-headed ogre
  9668 | D:9      | Reached skill level 10 in Invocations
  9885 | D:10     | Entered Level 10 of the Dungeon
  9959 | D:10     | Received a gift from Nemelex Xobeh
 10007 | D:10     | Noticed Psyche
 10010 | D:10     | Noticed Psyche
 10010 | D:10     | Psyche changed into Psyche the tengu
 10012 | D:10     | Killed Psyche the tengu
 10026 | D:10     | Noticed Erolcha
 10031 | D:10     | Killed Erolcha
 10046 | D:10     | Reached XP level 12. HP: 79/90 MP: 19/19
 10281 | D:10     | Received a gift from Nemelex Xobeh
 10326 | D:10     | Killed an unseen horror
 10476 | D:10     | Reached **** piety under Nemelex Xobeh
 10725 | D:11     | Noticed a two-headed ogre
 10726 | D:11     | Reached skill level 5 in Shields
 10753 | D:11     | Noticed a two-headed ogre
 10764 | D:11     | Killed a two-headed ogre
 10838 | D:11     | Received a gift from Nemelex Xobeh
 10857 | D:11     | Killed a two-headed ogre
 11092 | D:11     | Found a hide-covered altar of Uskayaw.
 11114 | D:11     | Received a gift from Nemelex Xobeh
 11438 | D:12     | Noticed a death knight
 11438 | D:12     | Noticed a skeletal warrior
 11438 | D:12     | Noticed a skeletal warrior
 11552 | Lair:1   | Reached skill level 10 in Armour
 11552 | Lair:1   | Reached skill level 11 in Invocations
 12034 | Lair:1   | Received a gift from Nemelex Xobeh
 12208 | Lair:1   | Received a gift from Nemelex Xobeh
 12222 | Lair:1   | Reached ***** piety under Nemelex Xobeh
 12703 | Lair:2   | You fall through a shaft for 2 floors!
 12870 | Lair:4   | Found a labyrinth entrance.
 12876 | Lair:4   | Noticed an eight-headed hydra
 12878 | Lab      | Entered a labyrinth
 13241 | Lab      | Noticed a minotaur
 13248 | Lab      | Killed a minotaur
 13248 | Lab      | Reached XP level 13. HP: 89/99 MP: 21/21
 13522 | Lair:3   | Found a hole to the Spider Nest.
 13572 | Lair:3   | Received a gift from Nemelex Xobeh
 13952 | Lair:2   | Received a gift from Nemelex Xobeh
 14630 | Lair:3   | Noticed Fannar
 14639 | Lair:3   | Killed Fannar
 14667 | Lair:3   | Reached skill level 12 in Invocations
 14690 | Lair:3   | Noticed an ice dragon
 14840 | Lair:3   | Received a gift from Nemelex Xobeh
 15205 | Lair:4   | Reached skill level 10 in Long Blades
 15229 | Lair:4   | Noticed a four-headed hydra
 15283 | Lair:4   | Noticed a five-headed hydra
 15285 | Lair:4   | Noticed an emperor scorpion
 15285 | Lair:4   | a five-headed hydra changed into an emperor scorpion
 15297 | Lair:4   | Killed an emperor scorpion
 15689 | Lair:4   | Received a gift from Nemelex Xobeh
 15704 | Lair:4   | Killed an 11-headed hydra
 15958 | Lair:4   | Found a staircase to the Swamp.
 16350 | Lair:5   | Identified the Tome of the Escort
 16365 | Lair:4   | Identified a scroll of acquirement
 16883 | Lair:5   | Reached XP level 14. HP: 81/107 MP: 23/23
 17079 | Lair:5   | Reached ****** piety under Nemelex Xobeh
 17079 | Lair:5   | Received a gift from Nemelex Xobeh
 17387 | Lair:5   | Reached skill level 13 in Invocations
 18036 | Lair:6   | Entered Level 6 of the Lair of Beasts
 18036 | Lair:6   | Received a gift from Nemelex Xobeh
 18036 | Lair:6   | Noticed Josephine
 18107 | Swamp:1  | Entered Level 1 of the Swamp
 18118 | Swamp:1  | Noticed a spark wasp
 18118 | Swamp:1  | a six-headed hydra changed into a spark wasp
 18120 | Swamp:1  | Cast into level 1 of the Abyss (drawing a card)
 18164 | Abyss:1  | Reached skill level 14 in Invocations
 18172 | Abyss:1  | Noticed a cacodemon
 18596 | Abyss:1  | Noticed an Executioner
 18725 | Abyss:1  | Noticed a tentacled starspawn
 18738 | Abyss:1  | HP: 8/162 [starspawn tentacle[a tentacled starspawn] (2)]
 18738 | Abyss:1  | Mangled by a tentacled starspawn

Skill      XL: |  1  2  3  4  5  6  7  8  9 10 11 12 13 14 |
---------------+-------------------------------------------+-----
Fighting       | 2 3 4 5 7 8 9 |  9.0
Shields        | 1 2 3 4 6 8 |  8.0
Invocations    | 1 3 4 6 7 10 11 12 14 | 14.4
Long Blades    | 2 3 5 7 9 11 12 | 12.2
Evocations     | 5 |  5.0
Armour         | 3 6 9 10 | 10.0
Short Blades   | |  1.0
Dodging        | |  2.0
Stealth        | |  1.0

Action                   |  1- 3 |  4- 6 |  7- 9 | 10-12 | 13-15 || total
-------------------------+-------+-------+-------+-------+-------++-------
Melee: Short sword       |    22 |       |       |       |       ||    22
       Spear             |   129 |   105 |       |       |       ||   234
       Long sword        |       |    19 |   184 |   328 |   318 ||   849
Invok: Triple Draw       |       |       |       |       |     1 ||     1
       Stack Five        |       |       |       |       |     4 ||     4
Evoke: Wand              |     5 |    10 |    18 |    44 |    35 ||   112
       Deck              |       |     2 |     4 |    31 |    49 ||    86
  Use: Scroll            |     4 |     1 |     1 |    13 |     9 ||    28
       Potion            |       |       |     1 |       |     5 ||     6
 Stab: Sleeping          |     2 |     4 |     2 |       |       ||     8
       Distracted        |     1 |     2 |       |     1 |     2 ||     6
       Paralysed         |       |    13 |     9 |     8 |    20 ||    50
       Confused          |       |     1 |       |       |       ||     1
  Eat: Chunk             |     2 |     3 |    12 |    18 |     6 ||    41
       Ration            |       |     1 |       |     1 |     3 ||     5
Armor: Leather armour    |    42 |    22 |       |       |       ||    64
       Robe              |       |     1 |    20 |       |       ||    21
       Ring mail         |       |       |     8 |   152 |   150 ||   310
Dodge: Dodged            |    91 |    66 |    81 |   149 |   123 ||   510
Block: Buckler           |       |       |    24 |    70 |    66 ||   160
       Rpst.: Long sword |       |     4 |    20 |    43 |    28 ||    95
